 Dungeon Crawl Stone Soup version 0.25.0-8-gfd19cd77bd (webtiles) character file.

Game seed: 3884947673481360268

326 Kerr0r the Skirmisher (level 6, -4/56 HPs)
             Began as a Minotaur Berserker on June 16, 2020.
             Was a Believer of Trog.
             Shot with an arrow by a centaur (7 damage)
             ... on level 4 of the Dungeon.
             The game lasted 00:09:06 (3470 turns).

Kerr0r the Skirmisher (Minotaur Berserker)          Turns: 3470, Time: 00:09:06

Health: -4/56      AC:  8    Str: 23    XL:     6   Next: 24%
Magic:  5/5        EV: 11    Int:  4    God:    Trog [**....]
Gold:   156        SH:  0    Dex: 10    Spells: 5/5 levels left

rFire    . . .     SeeInvis +   a - +1 hand axe
rCold    . . .     Gourm    .   (no shield)
rNeg     . . .     Faith    .   f - +0 scale mail
rPois    .         Spirit   .   (helmet restricted)
rElec    .         Reflect  .   (no cloak)
rCorr    .         Harm     .   g - +0 pair of gloves
MR       +++..                  (no boots)
Stlth    ..........             (no amulet)
HPRegen  1.18/turn              k - ring of protection from magic
MPRegen  0.09/turn              q - ring of see invisible

@: lethally poisoned (-4 -> -4), regenerating
A: retaliatory headbutt, horns 2
a: Berserk, Trog's Hand, Renounce Religion


You were on level 4 of the Dungeon.
You worshipped Trog.
Trog was pleased with you.
You were hungry.

You visited 1 branch of the dungeon, and saw 4 of its levels.

You collected 156 gold pieces.

Inventory:

Hand Weapons
 a - a +1 hand axe (weapon)
 u - a +0 spear
Armour
 b - a +0 animal skin
 f - a +0 scale mail (worn)
 g - a +0 pair of gloves (worn)
 r - a +1 leather armour
Jewellery
 k - a ring of protection from magic (left hand)
 q - a ring of see invisible (right hand)
 x - an uncursed ring of see invisible
Scrolls
 m - 2 scrolls of enchant armour
 w - a scroll of teleportation {unknown}
Potions
 d - a potion of haste {unknown}
 e - 2 potions of lignification {unknown}
 h - 2 potions of curing {unknown}
 i - a potion of stabbing {unknown}
 l - 3 potions of brilliance {unknown}
 n - a potion of mutation {unknown}
 o - 2 potions of heal wounds {unknown}
 p - 2 potions of berserk rage {unknown}
 s - 3 potions of degeneration {unknown}
 v - a potion of ambrosia {unknown}
Comestibles
 c - 8 rations
 j - 10 chunks of flesh


   Skills:
 + Level 5.2 Fighting
 + Level 5.2 Axes
 + Level 4.5 Armour
 + Level 4.0 Dodging


You had 5 spell levels left.
You didn't know any spells.
Your spell library was empty.

Dungeon Overview and Level Annotations

Branches:
Dungeon (4/15)
 Temple: D:4-7

Altars:
Ashenzari
Dithmenos
Fedhas
Ru


Innate Abilities, Weirdness & Mutations

You reflexively headbutt those who attack you in melee.
You have a pair of horns on your head.


Message History

You barely miss the scorpion. Your headbutt misses the scorpion.
The scorpion is lightly wounded.
You hit the bush but do no damage. x2; The centaur shoots an arrow.
The arrow hits you. The scorpion stings you.
* * * LOW HITPOINT WARNING * * *
You hit the scorpion but do no damage. You headbutt the scorpion.
The scorpion is moderately wounded.
You hit the bush but do no damage. x2; The centaur shoots an arrow.
The arrow hits you!
* * * LOW HITPOINT WARNING * * *
The scorpion stings you.
* * * LOW HITPOINT WARNING * * *
You are poisoned.
The scorpion poisons you!
The centaur shoots an arrow.
The arrow hits you but does no damage.
You hit the scorpion but do no damage.
The scorpion is moderately wounded.
You hit the bush but do no damage. x2; You feel sick.
The centaur shoots an arrow.
The arrow hits you!
You die...

...####....## ..##
...##......#.##.. #
................# .#
......†.......$.# . .
..............(## .##..
..............(###.....
......###.....(........
.....####......(.####.
.......##.....#.@#
..............PPPs#
...##.##.....PP.c..#
..###.##.##.PP_PP.##
......#.##..PPP.P...
..###........PPPP....
.............?......#
...........##.#.#...#
.#.#.......# ...#


You could see a centaur and a scorpion.

Vanquished Creatures
  Crazy Yiuf (D:3)
  An orc priest (D:3)
  An orc wizard (D:3)
  Jessica (D:3)
  An iguana (D:4)
  Natasha (D:4)
  4 gnolls (D:3)
  6 adders
  4 leopard geckos
  10 orcs
  A ball python (D:3)
  8 bats
  3 giant cockroaches
  3 hobgoblins
  6 jackals
  A quokka (D:3)
  3 frilled lizards
  5 goblins
  A kobold (D:3)
  9 rats
70 creatures vanquished.

Notes
Turn   | Place    | Note
-------+----------+-------------------------------------------
     0 | D:1      | Kerr0r the Minotaur Berserker began the quest for the Orb.
     0 | D:1      | Reached XP level 1. HP: 19/19 MP: 0/0
   464 | D:1      | Reached XP level 2. HP: 25/27 MP: 1/1
  1157 | D:2      | Reached XP level 3. HP: 33/33 MP: 2/2
  1279 | D:2      | Found a shadowy altar of Dithmenos.
  1279 | D:2      | Found a sacrificial altar of Ru.
  1879 | D:3      | Reached XP level 4. HP: 6/40 MP: 3/3
  2103 | D:3      | Reached ** piety under Trog
  2218 | D:3      | Noticed Jessica
  2227 | D:3      | Killed Jessica
  2372 | D:3      | Reached XP level 5. HP: 29/47 MP: 4/4
  2617 | D:3      | Found a runed translucent door.
  2618 | D:3      | Noticed Crazy Yiuf
  2626 | D:3      | Killed Crazy Yiuf
  2929 | D:3      | Found a shattered altar of Ashenzari.
  3324 | D:3      | Reached skill level 5 in Fighting
  3324 | D:3      | Reached skill level 5 in Axes
  3363 | D:4      | Reached XP level 6. HP: 54/56 MP: 5/5
  3404 | D:4      | Noticed Natasha
  3410 | D:4      | Killed Natasha
  3451 | D:4      | Found a blossoming altar of Fedhas.
  3470 | D:4      | Shot with an arrow by a centaur

Illustrated notes

Levels and vault maps discovered:
D:1:      dpeg_arrival_yet_another_circle, layout_loops_ring
D:2:      layout_basic, gammafunk_temple_overflow_pools
D:3:      minmay_skewed_foursquare, layout_basic, nicolae_ashenzari_panopticon,
          first_ration, minmay_misc_feat_chi, uniq_jessica,
          uniq_crazy_yiuf_cottage
D:4:      layout_cave_pools, fedhas_bush_and_centaur_altar, enter_ossuary_5,
          minmay_cut_off, uniq_natasha

Skill      XL: |  1  2  3  4  5  6 |
---------------+-------------------+-----
Fighting       | 4 5 |  5.2
Axes           | 4 5 |  5.2
Armour         | 3 4 |  4.5
Dodging        | 3 4 |  4.0

Action                   |  1- 3 |  4- 6 || total
-------------------------+-------+-------++-------
Melee: Hand axe          |    67 |    83 ||   150
       Headbutt          |     6 |    13 ||    19
Invok: Berserk           |     1 |     5 ||     6
       Trog's Hand       |       |     1 ||     1
  Use: Scroll            |     5 |     3 ||     8
  Eat: Chunk             |     3 |    10 ||    13
Armor: Animal skin       |     4 |       ||     4
       Leather armour    |    13 |       ||    13
       Scale mail        |       |    30 ||    30
Dodge: Dodged            |    40 |    41 ||    81
